 Dungeon Crawl Stone Soup version 0.32-a0-411-g744942f433 (webtiles) character file.

Game seed: 16210763470964934743

91 CougarLife the Digger (level 4, -5/24 HPs)
             Began as a Gargoyle Earth Elementalist on Feb 21, 2024.
             Slain by an iguana (8 damage)
             ... on level 4 of the Dungeon.
             The game lasted 00:01:27 (1501 turns).

CougarLife the Digger (Gargoyle Earth Elementalist) Turns: 1501, Time: 00:01:28

Health: -5/24      AC:  5    Str: 12    XL:     4   Next: 57%
Magic:  5/8        EV: 11    Int: 17    God:
Gold:   46         SH:  0    Dex: 10    Spells: 5/9 levels left

rFire   . . .        h - staff of conjuration
rCold   . . .        (no shield)
rNeg    + . .        a - +0 robe
rPois   ∞            (no helmet)
rElec   +            (no cloak)
rCorr   .            (no gloves)
SInv    .            (no boots)
Will    .....        (no amulet)
Stlth   ++           (no ring)
HPRegen 0.24/turn    (no ring)
MPRegen 0.11/turn

%: no passive effects
@: no status effects
A: sickness immunity, AC +3, negative energy resistance 1, electricity
resistance, torment resistance 1, petrification resistance
a: no special abilities


You were on level 4 of the Dungeon.
You visited 1 branch of the dungeon, and saw 3 of its levels.

You collected 46 gold pieces.

Inventory:

Armour
 a - a +0 robe (worn)
Magical Staves
 h - a staff of conjuration (weapon)
Scrolls
 d - a scroll of fog {unknown}
 f - 5 scrolls of identify {unknown}
 g - a scroll of revelation {unknown}
 i - a scroll of summoning {unknown}
 j - a scroll of amnesia {unknown}
Potions
 b - a potion of magic
 c - a potion of lignification {unknown}
 e - a potion of haste {unknown}


   Skills:
 - Level 1.5 Dodging
 - Level 2.1 Stealth
 + Level 3.0 Spellcasting
 + Level 2.7 Conjurations
 + Level 4.6 Earth Magic


You had 5 spell levels left.
You knew the following spells:

 Your Spells              Type           Power      Damage    Failure   Level
a - Sandblast             Erth           36%        2d10      2%          1
b - Stone Arrow           Conj/Erth      44%        3d9       12%         3

Your spell library contained the following spells:

 Spells                   Type           Power      Damage    Failure   Level
 Passwall                 Erth           18%        N/A       8%          3
 Brom's Barrelling Bould  Conj/Erth      22%        2d4       36%         4
 Petrify                  Alch/Erth      10%        N/A       54%         4


Dungeon Overview and Level Annotations

Branches:
Dungeon (4/15)
 Temple: D:4-7

Altars:

Shops:
D:4 !


Innate Abilities, Weirdness & Mutations

You are immune to sickness and miasma.
Your stone body is resilient. (AC +3)
You are immune to poison.
You resist negative energy. (rN+)
You are resistant to electric shocks. (rElec)
You are resistant to unholy torment.
You are immune to petrification.


Message History

No target in view!
You can't see any susceptible monsters within range! (Use Z to cast anyway.) HP restored.
Things that are here:
a +2 spectral club; a +0 robe; the human corpse of Jessica No target in view!
You can't see any susceptible monsters within range! (Use Z to cast anyway.) Key pressed, stopping explore.
No target in view!
You can't see any susceptible monsters within range! (Use Z to cast anyway.) No target in view!
Things that are here:
a +2 spectral club; a +0 robe; the human corpse of Jessica A malevolent force fills the Dungeon...
You fall into a shaft and drop 2 floors!
The shaft crumbles and collapses.
Found 17 gold pieces.
Found a stone staircase leading down.
An iguana comes into view.
Found Dixt's Distillery.
An iguana is nearby!
The blast of sand hits the iguana!
The iguana is heavily wounded.
The blast of sand hits the iguana but does no damage.
The iguana is heavily wounded.
The iguana bites you!
Ouch! That really hurt!
You are too injured to fight recklessly!
You are too injured to fight recklessly!
You are too injured to fight recklessly!
Casting: Sandblast (safe; 2% risk of failure)
Confirm with . or Enter, or press ? or * to list all spells.
Aiming: Sandblast (safe; 2% risk of failure)
Press: ? - help, Shift-Dir - straight line, f/p - iguana
Aim: an iguana (heavily wounded, 84% to hit)
The blast of sand hits the iguana but does no damage.
The iguana is heavily wounded.
The iguana bites you!
* * * LOW HITPOINT WARNING * * *
The iguana bites you!
You die...

#.. ### ..# #.#
..##.# .ß.ß.....#
..∩.. ...#
.ß.ß..#..#
......#..##
......##@.#
.......#l.##
.......#...# .
.........>.##...#
....$.........#
........#..####
........#....
...###..##.....
.. .... .#...#


You could see an iguana.

Vanquished Creatures
  Jessica (D:2)
  2 adders (D:2)
  3 dart slugs (D:2)
  3 endoplasms
  A giant cockroach (D:2)
  2 goblins
  A kobold (D:2)
  A quokka (D:1)
  A ball python (D:2)
  6 bats
  A frilled lizard (D:1)
  2 rats
24 creatures vanquished.

Notes
Turn   | Place    | Note
-------+----------+-------------------------------------------
     0 | D:1      | CougarLife the Gargoyle Earth Elementalist began the quest
                  | for the Orb.
     0 | D:1      | Reached XP level 1. HP: 10/10 MP: 3/3
   716 | D:1      | Reached XP level 2. HP: 15/15 MP: 3/5
   933 | D:2      | Reached skill level 4 in Earth Magic
   980 | D:2      | Reached XP level 3. HP: 19/19 MP: 4/6
  1249 | D:2      | Learned a level 3 spell: Stone Arrow
  1319 | D:2      | Reached XP level 4. HP: 24/24 MP: 6/8
  1424 | D:2      | Noticed Jessica
  1427 | D:2      | Killed Jessica
  1493 | D:2      | You fall into a shaft and drop 2 floors!
  1495 | D:4      | Found Dixt's Distillery.
  1501 | D:4      | Slain by an iguana

Illustrated notes

Levels and vault maps discovered:
D:1:      wander_arrival_lonely_grave, layout_basic,
          chequers_serial_rivers_micro_d, minivault_5, due_unseen_surprise
D:2:      layout_rooms, uniq_jessica
D:4:      layout_rooms, nicolae_overflow_quartered_altars, serial_shops,
          nicolae_shop_tiny_statue_garden, uniq_sigmund

Skill      XL: |  1  2  3  4 |
---------------+-------------+-----
Earth Magic    | 4 |  4.6
Conjurations   | 2 |  2.7
Spellcasting   | 3 |  3.0
Dodging        | |  1.5
Stealth        | |  2.1

Action                     |  1- 3 |  4- 6 || total
---------------------------+-------+-------++-------
  Melee: Unarmed           |     6 |       ||     6
         Staff             |    10 |     1 ||    11
   Cast: Sandblast         |    31 |     8 ||    39
 Armour: Robe              |    50 |     7 ||    57
  Dodge: Dodged            |    38 |     1 ||    39

Table legend: (Time is in decaauts)
 A = Elapsed time spent in this place.
 B = Non-inter-level travel time spent in this place.
 C = Inter-level travel time spent in this place.
 D = Time resting spent in this place.
 E = Time spent auto-exploring this place.
 F = Levels seen in this place.
 G = Mean time per level.
                   A        B        C        D        E       F      G
               +--------+--------+--------+--------+--------+-----+--------+
         Total |   1520 |   1470 |     50 |     68 |   1206 |   3 |  506.7 |
       Dungeon |   1520 |   1470 |     50 |     68 |   1206 |   3 |  506.7 |
               +--------+--------+--------+--------+--------+-----+--------+

Top non-repeatable levels by time:
     D:1: 907 daAuts
     D:2: 604 daAuts
     D:4: 8 daAuts
